 Dungeon Crawl Stone Soup version 0.24.0-125-gc4c63601f3 (webtiles) character file.

Game seed: 11324236353217092677, levelgen mode: deterministic

823 Lemonice the Insei (level 7, 0/47 HPs)
             Began as an Octopode Transmuter on Feb 25, 2020.
             Succumbed to an orc wizard's poison
             ... while paralysed by you
             ... on level 4 of the Dungeon.
             The game lasted 00:12:57 (4395 turns).

Lemonice the Insei (Octopode Transmuter)            Turns: 4395, Time: 00:12:58

Health: 0/47       AC:  1    Str:  9    XL:     7   Next: 96%
Magic:  12/13      EV:  2    Int: 18    God:
Gold:   113        SH:  0    Dex: 12    Spells: 8/14 levels left

rFire    . . .     SeeInvis .     - Unarmed
rCold    . . .     Gourm    .   (no shield)
rNeg     . . .     Faith    .   (helmet restricted)
rPois    .         Spirit   .   (no amulet)
rElec    .         Reflect  .   (no ring)
rCorr    .         Harm     .   f - ring of protection from magic
MR       +....                  (no ring)
Stlth    ++........             (no ring)
HPRegen  0.15/turn              (no ring)
MPRegen  0.13/turn              (no ring)
                                (no ring)
                                (no ring)

@: paralysed, lethally poisoned (0 -> -7), appendage
A: almost no armour, stealthy swim, amphibious, 8 rings, constrict 8, tentacle
spike 3, camouflage 1, gelatinous body 1
a: End Transformation


You were on level 4 of the Dungeon.
You were not hungry.
One of your tentacles had a temporary spike.
You visited 1 branch of the dungeon, and saw 4 of its levels.

You collected 113 gold pieces.

Inventory:

Missiles
 a - 45 arrows
 b - 2 throwing nets (quivered)
Jewellery
 f - a ring of protection from magic (right tentacle)
Wands
 k - a wand of random effects (17)
Scrolls
 d - 3 scrolls of remove curse
 e - 2 scrolls of teleportation {unknown}
 h - a scroll of fear {unknown}
 i - a scroll of noise {unknown}
 j - 2 scrolls of enchant weapon {unknown}
 m - a scroll of immolation {unknown}
 o - a scroll of enchant armour {unknown}
Potions
 g - 2 potions of flight
Comestibles
 c - 3 rations
 l - 2 chunks of flesh


   Skills:
 + Level 3.8 Fighting
 + Level 4.1 Dodging
 + Level 4.7 Unarmed Combat
 + Level 4.1 Spellcasting
 + Level 4.3 Transmutations


You had 8 spell levels left.
You knew the following spells:

 Your Spells              Type           Power        Failure   Level  Hunger
a - Beastly Appendage     Tmut           ###...       2%          1    None
b - Spider Form           Tmut/Pois      ##........   19%         3    ###....
c - Sticks to Snakes      Tmut           ###.....     3%          2    ##.....

Your spell library contained the following spells:

 Spells                   Type           Power        Failure   Level  Hunger
 Ice Form                 Ice/Tmut       ##......     52%         4    ####...
 Blade Hands              Tmut           ###.......   56%         5    ######.


Dungeon Overview and Level Annotations

Branches:
Dungeon (4/15)
 Temple: D:4-7

Altars:
Trog
Vehumet
The Shining One

Annotations:
D:4 3 runed translucent doors, jaiteiro's ghost, amateur MiWr


Innate Abilities, Weirdness & Mutations

You cannot wear most types of armour.
You are very stealthy in the water. (Stealth+)
You are amphibious.
You can wear up to eight rings at the same time.
You can use your tentacles to constrict eight enemies at once.
Your skin changes colour to match your surroundings (Stealth+).
Your rubbery body absorbs attacks. (AC +1, EV +1)
One of your tentacles bears a large vicious spike.


Message History

Okay, then.
Casting: Spider Form (safe; 19% risk of failure)
Confirm with . or Enter, or press ? or * to list all spells.
Okay, then.
Casting: Spider Form (safe; 19% risk of failure)
Confirm with . or Enter, or press ? or * to list all spells.
One of your tentacles grows a vicious spike.
* * * LOW HITPOINT WARNING * * *
You feel sick. The orc hits you but does no damage.
You tentacle-slap the orc.
You kill the orc!
Okay, then.
Aiming: Random Effects
Press: ? - help, Shift-Dir - straight line, f - you You suddenly lose the ability to move!
* * * LOW HITPOINT WARNING * * *
You feel sick.
* * * LOW HITPOINT WARNING * * *
You feel sick.
You die...

### ### #.# #.### #.# #....
#.#####.### #.......# #######
#.####### #...... #####........
#########...$..####...'........
<..............)@.....#.........#
#########......####.#.#.........#
...# +...... #.#.######....# ####
#....?. #.#.# ....# #...... #.#.#
....# #...... #.#.# ##....#
#...... #.#.#####†.y).# ###
####### #^#.##...y....# ...
#....# ..#.##...o....#


There were no monsters in sight!

Vanquished Creatures
  A scorpion (D:4)
  4 killer bees (D:4)
  A crimson imp (D:2)
  A hound (D:3)
  4 orc priests
  Crazy Yiuf (D:2)
  An iguana (D:4)
  5 orc wizards
  A worker ant (D:4)
  Robin (D:4)
  5 adders
  A gnoll (D:1)
  3 oozes
  A worm (D:3)
  4 dart slugs
  A leopard gecko (D:3)
  18 orcs
  7 bats
  2 giant cockroaches (D:1)
  7 hobgoblins
  5 kobolds
  5 quokkas
  3 ball pythons (D:3)
  4 frilled lizards
  17 goblins
  8 rats
111 creatures vanquished.

Notes
Turn   | Place    | Note
-------+----------+-------------------------------------------
     0 | D:1      | Lemonice the Octopode Transmuter began the quest for the
                  | Orb.
     0 | D:1      | Reached XP level 1. HP: 13/13 MP: 3/3
    54 | D:1      | Reached XP level 2. HP: 11/18 MP: 3/5
   510 | D:1      | Reached XP level 3. HP: 22/23 MP: 4/6
   680 | D:1      | Learned a level 3 spell: Spider Form
  1140 | D:2      | Reached XP level 4. HP: 17/29 MP: 4/7
  1716 | D:2      | Found a glowing golden altar of the Shining One.
  1828 | D:2      | Found a runed translucent door.
  1829 | D:2      | Noticed Crazy Yiuf
  1843 | D:2      | Killed Crazy Yiuf
  1843 | D:2      | Reached XP level 5. HP: 11/34 MP: 6/9
  2119 | D:3      | Found a bloodstained altar of Trog.
  2530 | D:3      | Reached XP level 6. HP: 29/41 MP: 6/10
  2761 | D:3      | Found a radiant altar of Vehumet.
  3479 | D:4      | Found a runed translucent gate.
  3479 | D:4      | Found a runed translucent gate.
  3479 | D:4      | Found a runed translucent gate.
  3479 | D:4      | Noticed jaiteiro's ghost (amateur MiWr)
  3493 | D:4      | Reached XP level 7. HP: 31/46 MP: 8/12
  3777 | D:4      | Learned a level 2 spell: Sticks to Snakes
  4142 | D:4      | Noticed Robin
  4152 | D:4      | Killed Robin
  4393 | D:4      | Paralysed by you for 6 turns
  4393 | D:4      | HP: 2/47 [poisoned by an orc wizard]
  4395 | D:4      | Succumbed to an orc wizard's poison

Levels and vault maps discovered:
D:1:      dpeg_arrival_central, layout_loops_ring, nrook_campfire,
          minmay_unequal
D:2:      layout_basic, nicolae_tso_swordbearing_angel, uniq_crazy_yiuf_cottage
D:3:      layout_basic, lemuel_crystal_altar, overflow_temple_1_default,
          ebering_dispersal_statue_hall
D:4:      cheibrodos_pilgrimage, layout_basic, gammafunk_ghost_necromancy,
          minmay_vboxes, uniq_natasha, uniq_robin, uniq_edmund

Skill      XL: |  1  2  3  4  5  6  7 |
---------------+----------------------+-----
Fighting       | 2 3 |  3.8
Dodging        | 3 4 |  4.1
Transmutations | 3 4 |  4.3
Spellcasting   | 3 4 |  4.1
Unarmed Combat | 4 |  4.7

Action                   |  1- 3 |  4- 6 |  7- 9 || total
-------------------------+-------+-------+-------++-------
Melee: Unarmed           |    79 |   137 |    87 ||   303
       Kick              |    12 |    15 |       ||    27
       Constrict         |    14 |    14 |     2 ||    30
       Tentacles         |    10 |    14 |       ||    24
 Cast: Beastly Appendage |    14 |    17 |     2 ||    33
       Spider Form       |     2 |    10 |     6 ||    18
Evoke: Wand              |       |       |     1 ||     1
  Use: Scroll            |     1 |     3 |       ||     4
       Potion            |       |       |     3 ||     3
 Stab: Sleeping          |     3 |     3 |       ||     6
  Eat: Chunk             |     1 |     9 |     4 ||    14
Armor: Skin              |    10 |     6 |    23 ||    39
Dodge: Dodged            |    54 |    91 |    81 ||   226
